 Dungeon Crawl Stone Soup version 0.24.0-13-gcf9b319 (webtiles) character file.

Game seed: 7235262632432788317, levelgen mode: deterministic

11 Bronimir the Caller (level 2, 0/16 HPs)
             Began as a Tengu Summoner on Mar 14, 2020.
             Slain by a goblin
             ... wielding a +0 dagger
              (2 damage)
             ... on level 1 of the Dungeon.
             The game lasted 00:01:25 (488 turns).

Bronimir the Caller (Tengu Summoner)                 Turns: 488, Time: 00:01:27

Health: 0/16       AC:  2    Str:  8    XL:     2   Next: 29%
Magic:  3/6        EV: 12    Int: 15    God:
Gold:   2          SH:  0    Dex: 14    Spells: 4/5 levels left

rFire    . . .     SeeInvis .   f - +0 club
rCold    . . .     Gourm    .   (no shield)
rNeg     . . .     Faith    .   a - +0 robe
rPois    .         Spirit   .   (helmet restricted)
rElec    .         Reflect  .   (no cloak)
rCorr    .         Harm     .   (no gloves)
MR       .....                  (boots unavailable)
Stlth    ++........             (no amulet)
HPRegen  0.05/turn              (no ring)
MPRegen  0.10/turn              (no ring)

@: no status effects
A: beak, talons 3
a: no special abilities


You were on level 1 of the Dungeon.
You were not hungry.

You visited 1 branch of the dungeon, and saw 1 of its levels.

You collected 2 gold pieces.

Inventory:

Hand Weapons
 b - a +0 hunting sling
 f - a +0 club (weapon)
Missiles
 e - 26 stones (quivered)
 i - 16 sling bullets
Armour
 a - a +0 robe (worn)
Scrolls
 g - a scroll of amnesia {unknown}
 h - 2 scrolls of fear {unknown}
Comestibles
 c - 2 rations
 d - 3 chunks of flesh


   Skills:
 * Level 0.6 Fighting
 * Level 0.4 Armour
 + Level 2.2 Dodging
 - Level 2.0 Stealth
 + Level 2.0 Spellcasting
 + Level 5.2 Summonings


You had 4 spell levels left.
You knew the following spells:

 Your Spells              Type           Power        Failure   Level  Hunger
a - Summon Small Mammal   Summ           ###.         2%          1    #......

Your spell library contained the following spells:

 Spells                   Type           Power        Failure   Level  Hunger
 Call Imp                 Summ           ###.....     4%          2    ###....
 Call Canine Familiar     Summ           ###.....     8%          3    ###....
 Summon Guardian Golem    Hex/Summ       #.......     22%         3    ###....
 Summon Ice Beast         Ice/Summ       #.......     58%         4    #####..
 Summon Lightning Spire   Summ/Air       #.......     58%         4    #####..


Dungeon Overview and Level Annotations

Branches:
Dungeon (1/15)

Altars:


Innate Abilities, Weirdness & Mutations

You have a beak for a mouth.
You have claws for feet.


Message History

Your rat closely misses the goblin.
What are your orders? t - Shout!
Orders for allies: a - Attack new target. r - Retreat! s - Stop attacking. g - Guard the area. f - Follow me.
Anything else - Cancel.
Okay, then.
You miss the kobold. The kobold hits you but does no damage.
The goblin hits your quokka but does no damage.
A bat comes into view.
Your quokka barely misses the kobold.
The kobold closely misses you.
Your rat bites the goblin.
You barely miss the kobold. Your peck misses the kobold.
Your quokka disappears in a puff of smoke!
Your rat barely misses the kobold.
The kobold hits you with a +0 short sword.
* * * LOW HITPOINT WARNING * * *
The goblin hits you with a +0 dagger.
You die...

#### #...
########.##########
...........##...@.# #
.........†.##...gK#...
...........$..†rr..b..
...........##.(....s...
...(.(((..#.............
###.#####.#.#...........
###.#####.#........(..?.
............#######.....
............# ###


You could see a giant cockroach, a goblin, a bat, a kobold and 2 friendly rats.

Vanquished Creatures
  A bat (D:1)
  2 hobgoblins (D:1)
  A kobold (D:1)
4 creatures vanquished.

Vanquished Creatures (collateral kills)
  A leopard gecko (D:1)
  A bat (D:1)
  A giant cockroach (D:1)
  A goblin (D:1)
  A hobgoblin (D:1)
  A kobold (D:1)
  2 rats (D:1)
8 creatures vanquished.

Grand Total: 12 creatures vanquished

Notes
Turn   | Place    | Note
-------+----------+-------------------------------------------
     0 | D:1      | Bronimir the Tengu Summoner began the quest for the Orb.
     0 | D:1      | Reached XP level 1. HP: 10/10 MP: 4/4
   251 | D:1      | Reached skill level 5 in Summonings
   431 | D:1      | Reached XP level 2. HP: 16/16 MP: 0/6
   488 | D:1      | Slain by a goblin

Levels and vault maps discovered:
D:1:      erik_arrival_triangle_small, layout_basic

Skill      XL: |  1 |
---------------+----+-----
Summonings     | 5 |  5.2
Fighting       | |  0.6
Armour         | |  0.4
Dodging        | |  2.2
Stealth        | |  2.0
Spellcasting   | |  2.0

Action                   || total
-------------------------++-------
Melee: Unarmed           ||     9
       Kick              ||     3
       Peck              ||     2
       Club              ||     6
 Cast: Summon Small Mamm ||    12
 Stab: Distracted        ||     1
       Sleeping          ||     1
Armor: Robe              ||     6
Dodge: Dodged            ||    25
